[Event "DVM U16 2019"]
[Site "Magedburg"]
[Date "2019.12.30"]
[Round "7"]
[White "Glinzner, Alva"]
[Black "Henning, Marvin"]
[Result "0-1"]
[ECO "B01"]
[WhiteElo "1812"]
[BlackElo "1972"]
[Annotator "NA"]
[PlyCount "67"]
[EventDate "2019.12.27"]
[EventType "team-tourn"]
[EventRounds "7"]
[EventCountry "GER"]
[SourceTitle "playchess.com"]
[Source "ChessBase"]
[SourceQuality "1"]
[WhiteTeam "Lübecker SV"]
[BlackTeam "Reideburger SV 90 Halle"]
[WhiteTeamCountry "GER"]
[BlackTeamCountry "GER"]
[TimeControl "40/5400+30:1800+30"]

1. e4 d5 2. exd5 Qxd5 3. Nc3 Qd6 4. d4 Nf6 5. Nf3 a6 6. g3 Bg4 7. Bg2 {[%emt 0:00:20] B01: Scandinavian Defence} Nc6 8. O-O {[%emt 0:01:26] unterminated} O-O-O {[%emt 0:01:07] unterminated} 9. d5 Nb4 {[%emt 0:01:43] unterminated} 10. Bf4 {[%emt 0:22:54] unterminated} Qb6 $146 {[%emt 0:11:55] unterminated} ({Predecessor:} 10... Qc5 $1 $14 11. Be3 Qd6 12. h3 Bh5 13. Bf4 Qc5 14. Be3 Qd6 15. Bf4 Qc5 16. Be3 Qd6 {½-½ (18) Ninov,N (2543)-Chatalbashev,B (2602) Bankia 2011}) 11. Na4 {[%emt 0:07:49] unterminated} Qa5 {[%emt 0:01:58] unterminated} 12. c4 {[%emt 0:02:21] unterminated} e5 {[%emt 0:13:38] unterminated} 13. Bxe5 {[%emt 0:07:14] unterminated} Nfxd5 {[%emt 0:01:17] unterminated} 14. cxd5 Rxd5 15. Qb3 {[%emt 0:02:05] unterminated} Bxf3 {[%emt 0:06:52] unterminated} 16. Qxf3 {[%emt 0:06:27] unterminated} Rxe5 17. Qxb7+ Kd7 {[%emt 0:00:08] unterminated} 18. a3 {[%emt 0:05:25] unterminated} Qxa4 {[%emt 0:33:46] unterminated} 19. axb4 Qb5 $18 20. Qa8 Re8 21. Qf3 Bxb4 22. Rac1 g6 23. Qxf7+ Re7 24. Bh3+ Kd8 25. Qf3 Qb8 26. Rc6 Qb7 27. Qf6 Rg8 28. Rd1+ Ke8 29. Re6 Qb5 30. Rxe7+ Bxe7 31. Qe6 Rf8 32. Qe3 Qc5 33. Bd7+ Kf7 34. Qe2 {[%emt 0:00:00] normal} 0-1

[Event "DVM U16 2019"]
[Site "Magedburg"]
[Date "2019.12.30"]
[Round "7"]
[White "Wang, Ruiming"]
[Black "Biermann, Lenhard"]
[Result "1-0"]
[ECO "C15"]
[WhiteElo "1808"]
[BlackElo "2098"]
[Annotator "NA"]
[PlyCount "61"]
[EventDate "2019.12.27"]
[EventType "team-tourn"]
[EventRounds "7"]
[EventCountry "GER"]
[SourceTitle "playchess.com"]
[Source "ChessBase"]
[SourceQuality "1"]
[WhiteTeam "SG Leipzig"]
[BlackTeam "SG Bochum"]
[WhiteTeamCountry "GER"]
[BlackTeamCountry "GER"]
[TimeControl "40/5400+30:1800+30"]

1. e4 e6 2. d4 d5 3. Nc3 Bb4 4. exd5 exd5 5. Bd3 {[%emt 0:00:04] unterminated} Nf6 {[%emt 0:09:34] unterminated} 6. Nge2 O-O {[%emt 0:00:35] unterminated} 7. O-O {[%emt 0:01:22] unterminated} c6 {[%emt 0:04:35] unterminated} 8. Bg5 {[%emt 0:03:30] unterminated unterminated. C01: French: Exchange Variation} Nbd7 {[%emt 0:00:53] unterminated} (8... h6 9. Bh4 Re8 10. f3 Nbd7 11. Qd2 Nf8 12. Rae1 Bd6 13. Bg3 Ng6 14. Bxd6 Qxd6 15. Bxg6 fxg6 {1-0 (39) Aronian,L (2767)-Caruana,F (2822) chess.com INT 2018}) 9. Ng3 {[%emt 0:06:19] unterminated} h6 {[%emt 0:05:34] unterminated} 10. Bf4 {[%emt 0:03:11] unterminated} Re8 {[%emt 0:03:34] unterminated} 11. Nce2 {[%emt 0:07:02] unterminated} Ne4 $146 {[%emt 0:09:25] unterminated} ({Predecessor:} 11... Nf8 12. c3 Bd6 13. Qd2 a5 14. Bxd6 Qxd6 15. Rae1 b6 {½-½ (52) Lennartz,M (2447)-Praznik,N (2288) ICCF email 2016}) 12. c3 Bf8 {[%emt 0:00:47] unterminated} 13. f3 {[%emt 0:01:45] unterminated} Nd6 {[%emt 0:02:33] unterminated} 14. b3 {[%emt 0:05:58] unterminated} Nf6 {[%emt 0:22:55] unterminated} 15. Qc2 {[%emt 0:03:44] unterminated} Be6 {[%emt 0:03:01] unterminated} 16. Rfe1 {[%emt 0:02:06] unterminated} Rc8 {[%emt 0:01:50] unterminated} 17. Be5 {[%emt 0:05:38] unterminated} Bd7 {[%emt 0:17:11] unterminated} 18. Nf4 {[%emt 0:02:03] unterminated} Be7 {[%emt 0:04:25] unterminated} 19. Re2 {[%emt 0:03:15] unterminated} Qa5 {[%emt 0:03:53] unterminated} 20. Rae1 {[%emt 0:01:56] unterminated} Qb6 {[%emt 0:02:33] unterminated} 21. Nf5 {[%emt 0:02:23] unterminated} (21. Qd2 $142) 21... Bxf5 22. Bxf5 Rcd8 {[%emt 0:00:25] unterminated} 23. g4 {[%emt 0:04:43] unterminated} Qa5 {[%emt 0:03:00] unterminated} 24. h4 $18 Qc7 25. g5 hxg5 26. hxg5 Nd7 27. g6 Nxe5 28. Rxe5 fxg6 29. Be6+ Nf7 30. Qxg6 Rf8 31. Rh5 {[%emt 0:00:34] normal} 1-0

[Event "DVM U16 2019"]
[Site "Magedburg"]
[Date "2019.12.30"]
[Round "7"]
[White "Alhamid, Mohamad"]
[Black "Costa, Leonardo"]
[Result "1/2-1/2"]
[ECO "C54"]
[WhiteElo "1688"]
[BlackElo "2048"]
[Annotator "NA"]
[PlyCount "71"]
[EventDate "2019.12.27"]
[EventType "team-tourn"]
[EventRounds "7"]
[EventCountry "GER"]
[SourceTitle "playchess.com"]
[Source "ChessBase"]
[SourceQuality "1"]
[WhiteTeam "Delmenhorster SK"]
[BlackTeam "SK München Südost"]
[WhiteTeamCountry "GER"]
[BlackTeamCountry "GER"]
[TimeControl "40/5400+30:1800+30"]

1. e4 e5 2. Nf3 Nc6 3. Bc4 Bc5 4. c3 Nf6 5. d3 d6 6. Bb3 a6 7. O-O Ba7 8. Nbd2 {unterminated} O-O {unterminated} 9. h3 {unterminated} Be6 {unterminated} 10. Re1 {C54: Giuoco Piano: 4 c3 Nf6, main lines with 5 d4 and 5 d3} (10. Bc2 d5 11. Ng5 Qe8 12. Ndf3 Rd8 13. Nxe6 fxe6 14. Qe2 Nh5 15. Kh2 Nf4 16. Bxf4 Rxf4 17. Rae1 Qf7 {½-½ (42) Aronian,L (2764)-Kramnik,V (2792) Paris 2018}) 10... Bxb3 {unterminated} 11. axb3 {unterminated} Re8 {unterminated} 12. Nf1 d5 13. Ng3 dxe4 $146 ({Predecessor:} 13... h6 14. b4 Qd7 15. Qc2 Rad8 16. Bd2 dxe4 17. dxe4 Qd3 18. Qxd3 Rxd3 {0-1 (70) Ingebretsen,J (2062)-Arvola,B (2458) Fornebu 2017}) 14. dxe4 Qxd1 15. Rxd1 h6 {unterminated} 16. Re1 {unterminated} Rad8 {unterminated} 17. Be3 Bxe3 18. Rxe3 {unterminated} Rd7 {unterminated} 19. Ree1 {unterminated} Red8 {unterminated} 20. Kf1 {unterminated} Kf8 {unterminated} 21. Ke2 {unterminated} g6 22. Red1 a5 23. Rxd7 Rxd7 24. Rd1 Rxd1 25. Kxd1 Ke7 {unterminated} 26. Nd2 {unterminated} Ke6 {unterminated} 27. f3 Nh5 28. Nxh5 gxh5 29. h4 {unterminated} Ne7 30. Nc4 b6 {unterminated} 31. Ne3 {unterminated} b5 {unterminated} 32. Ke2 f6 {unterminated} 33. Kd3 c6 $14 34. c4 Kd6 35. Nf5+ Nxf5 36. exf5 {normal} 1/2-1/2

[Event "DVM U16 2019"]
[Site "Magedburg"]
[Date "2019.12.30"]
[Round "7"]
[White "Emmerich, Julian"]
[Black "Goltser, Ilja"]
[Result "1/2-1/2"]
[ECO "B03"]
[WhiteElo "1270"]
[BlackElo "1703"]
[Annotator "NA"]
[PlyCount "100"]
[EventDate "2019.12.27"]
[EventType "team-tourn"]
[EventRounds "7"]
[EventCountry "GER"]
[SourceTitle "playchess.com"]
[Source "ChessBase"]
[SourceQuality "1"]
[WhiteTeam "SF Neuberg"]
[BlackTeam "Hamburger SK"]
[BlackTeamCountry "UKR"]
[TimeControl "40/5400+30:1800+30"]

1. e4 Nf6 2. e5 Nd5 3. d4 d6 4. exd6 exd6 5. g3 Be7 6. Bg2 Nb6 7. Ne2 Bf6 8. Be3 Nc6 9. Nbc3 Bf5 10. Nd5 Nxd5 11. Bxd5 Nb4 12. Bb3 Be4 13. O-O O-O 14. Nc3 Bf5 15. a3 Na6 16. Bd5 c6 17. Bg2 d5 18. Ne2 Nc7 19. Nf4 Ne6 20. Nxe6 Bxe6 21. Qd2 Re8 22. Rfe1 h6 23. c3 Qd7 24. Re2 Re7 25. Rae1 Rae8 26. Bf4 Bg4 27. Rxe7 Rxe7 28. Rxe7 Qxe7 29. Qe3 Qxe3 30. Bxe3 Be7 31. h4 Kh7 32. Kh2 g5 33. hxg5 hxg5 34. f3 Be6 35. Bf1 Bf5 36. Kg2 Kg7 37. Kf2 f6 38. Ke2 Kf7 39. Bc1 Bd6 40. f4 g4 41. Kd2 Be4 42. b3 Bc7 43. c4 Ba5+ 44. b4 Bb6 45. c5 Bc7 46. a4 a6 47. b5 axb5 48. axb5 Ba5+ 49. Ke2 cxb5 50. Kf2 b4 {normal} 1/2-1/2